 Dungeon Crawl Stone Soup version 0.29-a0-997-gf6f7e2dfe7 (webtiles) character file.

Game seed: 4799748403321740700

182478 leavemydog the Warrior (level 18, -14/170 HPs)
             Began as a Hill Orc Fighter on Aug 5, 2022.
             Was a High Priest of Okawaru.
             Killed from afar by a deep elf zephyrmancer (34 damage)
             ... with a bolt of lightning
             ... on level 3 of the Elven Halls.
             The game lasted 01:51:49 (53050 turns).

leavemydog the Warrior (Hill Orc Fighter)          Turns: 53050, Time: 01:51:49

Health: -14/170    AC: 25    Str: 25    XL:     18   Next: 34%
Magic:  39/40      EV: 12    Int: 10    God:    Okawaru [*****.]
Gold:   1640       SH: 22    Dex: 10    Spells: 23/35 levels left

rFire   + + +      SeeInvis .   a - +9 war axe (freeze)
rCold   + + .      Faith    .   h - +2 shield of Resistance {rF++ rC++ Will++}
rNeg    . . .      Spirit   .   i - +4 ring mail {Will+}
rPois   +          Reflect  +   O - +1 hat of the Toothy Grue {rPois rF+ MP+9}
rElec   .          Harm     .   g - +2 cloak
rCorr   +          Rampage  .   t - +2 pair of gloves {hurl}
Will    +++++                   H - +2 pair of boots
Stlth   ++........              D - amulet of reflection
HPRegen 0.38/turn               o - ring of resist corrosion
MPRegen 0.27/turn               W - ring of willpower

@: heroic, finesse-ful
A: strong-willed 1
a: Renounce Religion, Heroism, Finesse, Duel


You were on level 3 of the Elven Halls.
You worshipped Okawaru.
Okawaru was extremely pleased with you.
You visited 6 branches of the dungeon, and saw 30 of its levels.
You also visited: Bailey.

You collected 3704 gold pieces.
You spent 2064 gold pieces at shops.

Inventory:

Hand Weapons
 a - a +9 war axe of freezing (weapon)
 I - a +2 flail of protection
 S - the +9 hand crossbow "Baol" {venom, rC+}
   (Okawaru gifted it to you on level 1 of the Lair of Beasts)

   Any ammunition fired from it poisons the flesh of those it strikes.
   rC:        It protects you from cold.
Missiles
 e - 15 atropa-tipped darts
 u - 11 javelins
 y - 4 curare-tipped darts
 B - 82 poisoned darts (quivered)
 Q - 7 silver javelins
Armour
 g - a +2 cloak (worn)
 h - the +2 shield of Resistance (worn) {rF++ rC++ Will++}
   (Okawaru gifted it to you on level 14 of the Dungeon)

   rF:        It greatly protects you from fire.
   rC:        It greatly protects you from cold.
   Will:      It greatly increases your willpower.
 i - a +4 ring mail of willpower (worn)
 t - a +2 pair of gloves of hurling (worn)
 H - a +2 pair of boots (worn)
 O - the +1 hat of the Toothy Grue (worn) {rPois rF+ MP+9}
   (You acquired it on level 13 of the Dungeon)

   rF:        It protects you from fire.
   rPois:     It protects you from poison.
   MP:        It affects your magic capacity (+9).
Jewellery
 o - a ring of resist corrosion (left hand)
 s - a ring of magical power
 D - an amulet of reflection (around neck)
 N - a +6 ring of strength
 W - a ring of willpower (right hand)
Wands
 c - a wand of iceblast (13)
 k - a wand of acid (18)
 z - a wand of digging (5)
 C - a wand of polymorph (15)
 E - a wand of paralysis (40)
 Y - a wand of flame (59)
Scrolls
 d - 3 scrolls of silence
 f - 5 scrolls of magic mapping
 j - 12 scrolls of amnesia
 l - 7 scrolls of fear
 m - a scroll of blinking
 n - 2 scrolls of summoning
 p - 4 scrolls of immolation
 r - 7 scrolls of fog
 G - 2 scrolls of torment
 V - 10 scrolls of identify
Potions
 b - 8 potions of curing
 q - 3 potions of invisibility
 v - 5 potions of attraction
 w - 2 potions of ambrosia
 A - 2 potions of magic
 F - 4 potions of resistance
 J - 3 potions of brilliance
 K - 4 potions of flight
 L - 2 potions of lignification
 M - 4 potions of might
 P - 2 potions of mutation
 R - 2 potions of cancellation
 U - 2 potions of haste
Miscellaneous
 X - a piece from Xom's chessboard (15/15)


   Skills:
 + Level 17.6(22.6) Fighting
 + Level 16.9(22.0) Axes
 - Level 1.0(14.4) Maces & Flails
 - Level 1.5(6.5) Ranged Weapons
 - Level 0.2(5.2) Throwing
 * Level 13.6(18.6) Armour
 + Level 16.2(21.2) Shields
 - Level 9.4 Spellcasting
 - Level 9.6 Translocations
 - Level 3.0 Air Magic
 * Level 11.6 Invocations
 - Level 1.3 Evocations


You had 23 spell levels left.
You knew the following spells:

 Your Spells              Type           Power      Damage    Failure   Level
a - Lesser Beckoning      Tloc           23%        N/A       1%          3
b - Gell's Gravitas       Tloc           23%        N/A       1%          3
c - Teleport Other        Tloc           23%        N/A       1%          3
d - Swiftness             Air            10%        N/A       22%         3

Your spell library contained the following spells:

 Spells                   Type           Power      Damage    Failure   Level
 Portal Projectile        Hex/Tloc       28%        N/A       10%         3
 Shock                    Conj/Air       28%        1d4       13%         1
 Beastly Appendage        Tmut           8%         N/A       24%         1
 Foxfire                  Conj/Fire      16%        2x1d4     24%         1
 Magic Dart               Conj           16%        1d3       24%         1
 Necrotise                Necr           16%        1d4       24%         1
 Sandblast                Erth           8%         2d5       24%         1
 Passwall                 Tmut/Erth      3%         N/A       36%         2
 Sublimation of Blood     Necr           4%         N/A       36%         2
 Wereblood                Tmut           4%         N/A       36%         2
 Mephitic Cloud           Conj/Pois/Air  6%         N/A       43%         3
 Airstrike                Air            5%         2d(1-17)  56%         4
 Confusing Touch          Hex            4%         N/A       58%         3
 Conjure Flame            Conj/Fire      4%         6-21      58%         3
 Ignite Poison            Fire/Tmut/Pois 4%         N/A       58%         3
 Inner Flame              Hex/Fire       4%         N/A       58%         3
 Spider Form              Tmut/Pois      4%         N/A       58%         3
 Stone Arrow              Conj/Erth      8%         3d7       58%         3
 Vampiric Draining        Necr           4%         2d6       58%         3
 Dispersal                Tloc           11%        N/A       58%         6
 Flame Wave               Conj/Fire      4%         2d5       94%         4
 Leda's Liquefaction      Hex/Erth       2%         N/A       94%         4
 Lightning Bolt           Conj/Air       3%         1d15      98%         5
 Freezing Cloud           Conj/Ice/Air   3%         6-21      99%         5
 Agony                    Necr           4%         N/A       100%        5
 Fireball                 Conj/Fire      2%         3d4       100%        5
 Irradiate                Conj/Tmut      2%         3d12      100%        5
 Yara's Violent Unravell  Hex/Tmut       2%         3d3       100%        5
 Starburst                Conj/Fire      2%         6d3       100%        6
 Enfeeble                 Hex            2%         N/A       100%        7
 Ozocubu's Refrigeration  Ice            2%         4d7       100%        7
 Ignition                 Fire           2%         3d3       100%        8
 Lehudib's Crystal Spear  Conj/Erth      2%         10d2      100%        8
 Call Imp                 Summ           Unusable   N/A       N/A         2
 Call Canine Familiar     Summ           Unusable   N/A       N/A         3
 Summon Lightning Spire   Summ/Air       Unusable   N/A       N/A         4
 Animate Armour           Summ/Erth      Unusable   N/A       N/A         4
 Summon Hydra             Summ           Unusable   N/A       N/A         7

Dungeon Overview and Level Annotations

Branches:
Dungeon (15/15)            Temple (1/1) D:7            Lair (5/5) D:8
  Swamp (4/4) Lair:2       Spider (0/4) Lair:3        Slime (0/5) Lair:5
    Orc (2/2) D:12            Elf (3/3) Orc:2        Vaults (0/5) D:14
 Depths (0/4) D:15         Bailey (visited)

Altars:
Ashenzari
Cheibriados
Dithmenos
Elyvilon
Fedhas
Gozag
Hepliaklqana
Kikubaaqudgha
Makhleb
Nemelex Xobeh
Okawaru
Qazlal
Ru
Sif Muna
Trog
Uskayaw
Vehumet
Wu Jian
Xom
Yredelemnul
Zin
The Shining One
Beogh

Shops:
D:11 (   Orc:1 [   Orc:2 [?[*   Elf:2 ?   Elf:3 [


Innate Abilities, Weirdness & Mutations

You are strong-willed. (Will+)


Message History

As you read the scroll of teleportation, it crumbles to dust.
You feel strangely unstable.
You hear some strange, mumbled words.
A lance of force appears from out of thin air!
The lance of force reflects off an invisible shield around you!
The lance of force hits something!
The deep elf zephyrmancer mumbles some strange words.
The deep elf zephyrmancer blinks!
The deep elf zephyrmancer casts a spell.
The deep elf zephyrmancer blinks!
You block the water elemental's attack.
The water elemental attacks as you move away!
The water elemental hits you.
* * * LOW HITPOINT WARNING * * *
The deep elf zephyrmancer gestures wildly while chanting.
The deep elf zephyrmancer blinks!
You hear some strange, mumbled words.
A shard of ice appears from out of thin air!
The shard of ice hits you but does no damage.
Your surroundings suddenly seem different.
An orc warrior comes into view.
It is wielding a +0 short sword and carrying a wand of digging (4).
Found a dagger.
A +0 scimitar of protection comes into view.
As you read the scroll of teleportation, it crumbles to dust.
You feel strangely unstable.
As you read the scroll of fog, it crumbles to dust.
The scroll dissolves into smoke.
The orc warrior shouts!
Your surroundings suddenly seem different. 2 deep elf zephyrmancers come into view.
A deep elf zephyrmancer is wielding a +1 rapier of speed.
Found an escape hatch in the ceiling.
The deep elf zephyrmancer gestures wildly while chanting.
The deep elf zephyrmancer blinks!
You slice the deep elf zephyrmancer!! You freeze the deep elf zephyrmancer!
You kill the deep elf zephyrmancer!
Okawaru accepts your kill.
The deep elf zephyrmancer shouts!
The deep elf zephyrmancer points at you and mumbles some strange words.
The bolt of lightning hits you!!
You die...

# ###+###
#.....#
##.....##
#.......#
#...8.<.#
#...@e..#
##.....#+
+.....#
#######


You could see a deep elf zephyrmancer.

Vanquished Creatures
  Jorgrun (Elf:1)
  Rupert (Orc:1)
  A deep elf master archer (Elf:3)
  2 deep elf blademasters
  2 thorn hunters
  An orc warlord (Bailey)
  2 deep elf sorcerers (Elf:3)
  5 deep elf elementalists (Elf:3)
  3 deep elf demonologists
  Nessos (D:14)
  7 bunyips
  3 deep elf annihilators
  5 eleionomae
  A dire elephant (Lair:5)
  A shambling mangrove (Swamp:3)
  A fire dragon (Lair:5)
  A deep elf death mage (Elf:1)
  A deep elf high priest (Elf:1)
  Fannar (Lair:1)
  4 boulder beetles
  24 hydras
  The ghost of Ogauff the Unseen, a journeyman FeFi of Okawaru (Swamp:2)
  A centaur warrior (D:14)
  An anaconda (Swamp:1)
  2 catoblepae
  4 alligators
  2 ogre magi
  26 dancing weapons
  4 two-headed ogres
  8 orc high priests
  A vampire mage (D:15)
  Urug (Orc:1)
  6 death yaks
  A fire crab (shapeshifter) (Elf:1)
  12 deep elf knights
  A golden dragon zombie (D:15)
  Amaemon (D:8)
  2 skeletal warriors
  A storm dragon skeleton (D:15)
  5 goliath frogs
  5 spriggan druids
  A deep troll (D:14)
  11 deep elf archers
  9 swamp dragons
  3 bog bodies
  A lindwurm (Lair:5)
  2 necromancers
  5 orc sorcerers
  A sphinx zombie (D:15)
  25 deep elf zephyrmancers
  2 cyclopes
  3 orc knights
  16 deep elf pyromancers
  3 oklob plants (Lair:2)
  A stone giant zombie (D:15)
  5 manticores
  2 will-o-the-wisps (Swamp:2)
  4 ugly things
  7 black mambas
  12 cane toads
  An orange demon (D:8)
  An unseen horror (D:11)
  5 yaktaurs
  4 rime drakes
  A tengu conjurer (D:13)
  A freezing wraith (D:14)
  13 komodo dragons
  A troll (shapeshifter) (D:15)
  2 polar bears
  7 trolls
  11 tyrant leeches
  6 hornets
  10 blink frogs
  24 slime creatures
  Prince Ribbit (D:7)
  12 dream sheep
  3 air elementals
  2 shadows
  5 spriggans
  2 wraiths
  37 yaks
  5 water elementals
  4 wyverns
  4 basilisks
  2 fire elementals (Elf:3)
  4 steam dragons (Lair:5)
  6 vampire mosquitoes
  8 wargs
  8 swamp worms
  2 acid dragons
  A naga (shapeshifter) (D:14)
  14 water moccasins
  A sky beast (D:7)
  8 swamp drakes
  23 orc warriors
  3 black bears
  10 ogres
  An ice beast (D:6)
  9 wolves
  4 centaurs
  A phantom (D:4)
  4 kobold brigands
  A necrophage (D:6)
  11 bullfrogs
  2 earth elementals (Elf:2)
  8 scorpions
  21 wights
  7 howler monkeys
  6 electric eels
  A crimson imp (Orc:2)
  4 hounds
  A gnoll bouda (Lair:2)
  36 orc priests
  3 jellies
  11 iguanas
  An iron imp (Orc:2)
  Natasha (D:4)
  22 orc wizards
  15 gnolls
  5 adders
  3 shadow imps
  3 white imps
  An ufetubus (D:6)
  2 worms (Lair:3)
  A dart slug (D:3)
  116 orcs
  9 ball pythons
  4 endoplasms
  3 giant cockroaches
  5 hobgoblins
  3 jackals (D:4)
  33 kobolds
  7 quokkas
  3 bats
  3 frilled lizards
  13 goblins
  6 rats
908 creatures vanquished.

Vanquished Creatures (others)
  A deep elf death mage (Elf:3)
  A deep elf knight (Elf:1)
  A hornet (Swamp:2)
  2 bloated husks
  An air elemental (Elf:3)
  A water elemental (Elf:2)
  An orc priest (Elf:3)
  An orc wizard (Orc:2)
  An orc (Elf:3)
  A briar patch (Swamp:4)
  2 bushes (Lair:5)
  14 foxfires (Swamp:2)
  26 fungi
  113 plants
  9 withered plants (D:15)
175 creatures vanquished.

Grand Total: 1083 creatures vanquished

Notes
Turn   | Place    | Note
-------+----------+-------------------------------------------
     0 | D:1      | leavemydog the Hill Orc Fighter began the quest for the
                  | Orb.
     0 | D:1      | Reached XP level 1. HP: 19/19 MP: 1/1
   270 | D:1      | Reached XP level 2. HP: 27/27 MP: 2/2
   681 | D:2      | Reached skill level 4 in Fighting
   681 | D:2      | Reached XP level 3. HP: 33/33 MP: 3/3
   822 | D:2      | Found a faded altar of an unknown god.
  1362 | D:3      | Reached XP level 4. HP: 24/40 MP: 4/4
  1365 | D:3      | Reached skill level 5 in Axes
  1884 | D:3      | Found a blossoming altar of Fedhas.
  2066 | D:3      | Found Ubotuicy's Distillery.
  2079 | D:3      | Bought a potion of curing for 30 gold pieces
  2079 | D:3      | Bought a potion of heal wounds for 50 gold pieces
  2079 | D:3      | Bought a potion of berserk rage for 50 gold pieces
  2361 | D:4      | Reached XP level 5. HP: 36/46 MP: 5/5
  2916 | D:4      | Reached XP level 6. HP: 53/53 MP: 6/6
  2920 | D:4      | Noticed Natasha
  2936 | D:4      | Killed Natasha
  3361 | D:4      | You fall into a shaft and drop 1 floor!
  3361 | D:5      | Entered Level 5 of the Dungeon
  3488 | D:4      | Reached XP level 7. HP: 58/60 MP: 7/7
  3799 | D:5      | Reached skill level 5 in Fighting
  3947 | D:5      | Found an ornate altar of the Wu Jian Council.
  3951 | D:5      | Found an iron altar of Okawaru.
  3985 | D:5      | Became a worshipper of Warmaster Okawaru
  4414 | D:5      | Reached skill level 1 in Invocations
  4414 | D:5      | Reached XP level 8. HP: 38/68 MP: 8/8
  4764 | D:5      | Learned a level 3 spell: Lesser Beckoning
  4831 | D:6      | Reached skill level 5 in Armour
  4946 | D:6      | Reached skill level 10 in Axes
  4946 | D:6      | Reached skill level 1 in Translocations
  5411 | D:6      | Reached skill level 1 in Spellcasting
  5411 | D:6      | Reached * piety under Okawaru
  5840 | D:7      | Reached XP level 9. HP: 74/74 MP: 11/11
  6109 | D:7      | Reached ** piety under Okawaru
  6487 | D:7      | Noticed Prince Ribbit
  6496 | D:7      | Killed Prince Ribbit
  6612 | D:7      | Reached skill level 6 in Fighting
  6829 | D:7      | Reached skill level 5 in Shields
  7241 | D:7      | Found a staircase to the Ecumenical Temple.
  7250 | Temple   | Entered the Ecumenical Temple
  7663 | D:8      | Reached XP level 10. HP: 53/83 MP: 13/13
  7885 | D:8      | Reached *** piety under Okawaru
  8027 | D:8      | Noticed an orange demon
  8027 | D:8      | Noticed Amaemon
  8376 | D:8      | Killed an orange demon
  8381 | D:8      | Killed Amaemon
  8382 | D:8      | Reached skill level 5 in Invocations
  8385 | D:8      | Reached **** piety under Okawaru
  8461 | D:8      | Found a staircase to the Lair.
  8491 | D:8      | Found a roughly hewn altar of Beogh.
  8540 | D:8      | Identified a scroll of acquirement
  8540 | D:8      | Acquired the amulet of Wiomava {Faith Str+6 Dex+7 SInv}
  8548 | D:8      | Gained mutation: Your spells are a little harder to cast,
                  | but a little more powerful. [potion of mutation]
  8548 | D:8      | Gained mutation: You expend magic power (3 MP) to
                  | strengthen your wands. [potion of mutation]
  9479 | D:9      | Found a flagged portal.
  9534 | Bailey   | Entered a bailey
  9541 | Bailey   | Noticed an orc warlord
  9732 | Bailey   | Found a runed translucent gate.
  9732 | Bailey   | Found a runed translucent gate.
  9732 | Bailey   | Found a runed translucent gate.
  9999 | Bailey   | Killed an orc warlord
 10000 | Bailey   | Reached skill level 7 in Fighting
 10000 | Bailey   | Reached XP level 11. HP: 26/92 MP: 5/16
 10288 | Bailey   | Acquired a +2 kite shield of reflection
 10434 | D:9      | Found an opulent altar of Gozag.
 10434 | D:9      | Found a burning altar of Makhleb.
 10674 | D:10     | Entered Level 10 of the Dungeon
 10751 | D:10     | Reached skill level 15 in Axes
 10760 | D:10     | Reached ***** piety under Okawaru
 10793 | D:10     | Lost mutation: You expend magic power (3 MP) to strengthen
                  | your wands. [potion of mutation]
 10793 | D:10     | Lost mutation: Your spells are a little harder to cast, but
                  | a little more powerful. [potion of mutation]
 10793 | D:10     | Gained mutation: You sometimes lose your temper in combat.
                  | [potion of mutation]
 10793 | D:10     | Lost mutation: You sometimes lose your temper in combat.
                  | [potion of mutation]
 10793 | D:10     | Gained mutation: Your body sometimes deteriorates upon
                  | taking damage. [potion of mutation]
 10793 | D:10     | Gained mutation: You have supernaturally acute eyesight.
                  | (SInv) [potion of mutation]
 11204 | D:10     | Noticed a boulder beetle
 11226 | D:10     | Killed a boulder beetle
 11942 | D:11     | Noticed a cyan ugly thing
 11952 | D:11     | Killed a cyan ugly thing
 11976 | D:11     | Noticed a manticore
 11986 | D:11     | Killed a manticore
 12130 | D:11     | Noticed a manticore
 12142 | D:11     | Killed a manticore
 12478 | D:11     | Noticed a cyclops
 12487 | D:11     | Killed a cyclops
 12770 | D:11     | Found Qengucap's Antique Weapon Boutique.
 12853 | D:11     | Reached ****** piety under Okawaru
 12860 | D:11     | Reached skill level 8 in Fighting
 12860 | D:11     | Reached XP level 12. HP: 26/101 MP: 15/18
 13294 | D:11     | Reached skill level 5 in Translocations
 13294 | D:11     | Identified the +1 robe of the Evening Star {rPois rN++
                  | Str+2 Int-3} (Okawaru gifted it to you on level 11 of the
                  | Dungeon)
 13294 | D:11     | Received a gift from Okawaru
 13309 | D:12     | Noticed a two-headed ogre
 13312 | D:12     | Killed a two-headed ogre
 13686 | D:12     | Reached skill level 9 in Fighting
 14153 | D:12     | Found a staircase to the Orcish Mines.
 14657 | D:13     | Acquired the +1 hat of the Toothy Grue {rPois rF+ MP+9}
 15044 | D:13     | Reached skill level 5 in Spellcasting
 15589 | D:14     | Noticed a centaur warrior
 15601 | D:14     | Killed a centaur warrior
 15874 | D:14     | Noticed Nessos
 16160 | D:14     | Reached XP level 13. HP: 73/113 MP: 20/20
 16164 | D:14     | Received a gift from Okawaru
 16164 | D:14     | Found the +2 shield of Resistance {rF++ rC++ Will++}
 16165 | D:14     | Reached skill level 10 in Fighting
 16508 | D:14     | Killed Nessos
 17206 | D:14     | Found an ornate altar of the Wu Jian Council.
 17457 | D:14     | Found a gate to the Vaults.
 17574 | D:15     | Entered Level 15 of the Dungeon
 18188 | D:15     | Identified the +1 leather armour "Qelufeyf" {+Inv Dex+3}
 18347 | D:15     | Reached skill level 1 in Evocations
 18683 | D:15     | Found a staircase to the Depths.
 18698 | D:15     | Reached skill level 10 in Shields
 19915 | D:15     | Got the Papyrus of Permutations and Graupel
 20346 | Lair:1   | Entered Level 1 of the Lair of Beasts
 20363 | Lair:1   | Learned a level 3 spell: Gell's Gravitas
 20498 | Lair:1   | Learned a level 3 spell: Teleport Other
 20580 | Lair:1   | Received a gift from Okawaru
 20733 | Lair:1   | Reached skill level 11 in Fighting
 20838 | Lair:1   | Identified the +9 hand crossbow "Baol" {venom, rC+}
                  | (Okawaru gifted it to you on level 1 of the Lair of Beasts)
 20838 | Lair:1   | Received a gift from Okawaru
 20919 | Lair:1   | Found a bloodstained altar of Trog.
 20988 | Lair:1   | Noticed Fannar
 21007 | Lair:1   | Killed Fannar
 21448 | Lair:2   | Reached skill level 1 in Maces & Flails
 21733 | Lair:2   | Reached XP level 14. HP: 124/124 MP: 23/23
 21734 | Lair:2   | Found a staircase to the Swamp.
 23163 | Lair:2   | Identified the +5 battleaxe of Mulimp {drain, Fly rElec rF+
                  | Will+}
 23484 | Lair:2   | Identified the +9 lajatang of Uskayaw {antimagic, Fragile
                  | rF++ Int+2}
 24331 | Lair:3   | Found a snail-covered altar of Cheibriados.
 24347 | Lair:3   | Reached skill level 1 in Ranged Weapons
 24880 | Lair:3   | Identified the +8 short sword "Mipnesm" {flame, rN++}
                  | (Okawaru gifted it to you on level 3 of the Lair of Beasts)
 24880 | Lair:3   | Received a gift from Okawaru
 24998 | Lair:3   | Found a hole to the Spider Nest.
 25320 | Lair:4   | Reached skill level 12 in Fighting
 26061 | Lair:5   | Entered Level 5 of the Lair of Beasts
 27801 | Lair:5   | Received a gift from Okawaru
 28196 | Lair:5   | Reached XP level 15. HP: 100/134 MP: 25/25
 28422 | Lair:4   | Reached skill level 13 in Fighting
 28746 | Lair:5   | Found a staircase to the Slime Pits.
 28871 | Lair:5   | Identified the +3 battleaxe of Ared {vorpal, rC+} (Okawaru
                  | gifted it to you on level 5 of the Lair of Beasts)
 28871 | Lair:5   | Received a gift from Okawaru
 28950 | Lair:5   | Reached skill level 10 in Invocations
 30401 | D:3      | Bought a potion of attraction for 30 gold pieces
 30401 | D:3      | Bought a potion of might for 40 gold pieces
 30401 | D:3      | Bought 2 potions of ambrosia for 160 gold pieces
 30401 | D:3      | Bought a potion of flight for 30 gold pieces
 30401 | D:3      | Bought a potion of might for 40 gold pieces
 30401 | D:3      | Bought a potion of haste for 100 gold pieces
 30401 | D:3      | Bought a potion of cancellation for 80 gold pieces
 30786 | Orc:1    | Entered Level 1 of the Orcish Mines
 30911 | Orc:1    | Found a roughly hewn altar of Beogh.
 30956 | Orc:1    | Found Jeymeb's Antique Armour Emporium.
 30974 | Orc:1    | Reached skill level 10 in Armour
 31264 | Orc:1    | Learned a level 3 spell: Swiftness
 31351 | Orc:2    | Entered Level 2 of the Orcish Mines
 31354 | Orc:2    | Noticed Rupert
 31386 | Orc:1    | Killed Rupert
 32341 | Orc:2    | Found Uraosapy's Magic Scroll Emporium.
 32341 | Orc:2    | Found Mefau's Antique Armour Boutique.
 32347 | Orc:2    | Bought a scroll of enchant armour for 105 gold pieces
 32347 | Orc:2    | Bought 3 scrolls of enchant armour for 315 gold pieces
 32347 | Orc:2    | Bought a scroll of teleportation for 42 gold pieces
 32347 | Orc:2    | Bought a scroll of fear for 56 gold pieces
 32760 | Orc:2    | Found Ginaps's Assorted Antiques.
 32760 | Orc:2    | Found Dinug's Armour Boutique.
 32769 | Orc:2    | Bought 2 scrolls of blinking for 390 gold pieces
 32784 | Orc:2    | Bought a +1 pair of gloves of hurling for 214 gold pieces
 32836 | Orc:2    | Found a roughly hewn altar of Beogh.
 32838 | Orc:2    | Noticed Urug
 33102 | Orc:1    | Killed Urug
 33220 | Orc:2    | Identified the +11 battleaxe of the Tundras {venom, rElec
                  | rF+ rCorr Int-2} (Okawaru gifted it to you on level 2 of
                  | the Orcish Mines)
 33220 | Orc:2    | Received a gift from Okawaru
 33232 | Orc:2    | Reached skill level 14 in Fighting
 33714 | Orc:2    | Found the +0 mask of the Dragon {Will+ Slay+3 SInv}
 33714 | Orc:2    | Found the +3 crown of Dyrovepreva {rElec Int+2 SInv}
 33720 | Orc:2    | Identified the +1 hat of the Garden {Fly Str-4 Slay+2
                  | Stlth+}
 34082 | Orc:2    | Found a roughly hewn altar of Beogh.
 34120 | Orc:2    | Found a staircase to the Elven Halls.
 34238 | Elf:1    | Entered Level 1 of the Elven Halls
 34999 | Elf:1    | Reached XP level 16. HP: 98/132 MP: 28/28
 35942 | Elf:1    | Received a gift from Okawaru
 36361 | Elf:1    | Paralysed by an air elemental for 1 turns
 36368 | Elf:1    | Paralysed by an air elemental for 1 turns
 36933 | Elf:1    | Noticed Jorgrun
 36954 | Elf:1    | Killed Jorgrun
 36955 | Elf:1    | Reached skill level 15 in Fighting
 37515 | Elf:2    | Lost mutation: You have supernaturally acute eyesight.
                  | (SInv) [potion of mutation]
 37515 | Elf:2    | Lost mutation: Your body sometimes deteriorates upon taking
                  | damage. [potion of mutation]
 37515 | Elf:2    | Gained mutation: Your spells are a little harder to cast,
                  | but a little more powerful. [potion of mutation]
 37515 | Elf:2    | Gained mutation: You expend magic power (3 MP) to
                  | strengthen your wands. [potion of mutation]
 37516 | Elf:2    | Lost mutation: You expend magic power (3 MP) to strengthen
                  | your wands. [potion of mutation]
 37516 | Elf:2    | Lost mutation: Your spells are a little harder to cast, but
                  | a little more powerful. [potion of mutation]
 37516 | Elf:2    | Gained mutation: You are strong-willed. (Will+) [potion of
                  | mutation]
 37768 | Elf:2    | Noticed a Hell Sentinel
 38589 | Elf:2    | Identified the +4 scale mail of Ussag {-Tele +Inv rPois
                  | Str+9} (Okawaru gifted it to you on level 2 of the Elven
                  | Halls)
 38589 | Elf:2    | Received a gift from Okawaru
 38667 | Elf:2    | Paralysed by an air elemental for 1 turns
 38868 | Elf:2    | Found a runed translucent gate.
 38869 | Elf:2    | Found a runed translucent gate.
 38869 | Elf:2    | Found a runed translucent gate.
 38973 | Elf:2    | Found Xauvoum's Magic Scroll Boutique.
 39184 | Elf:3    | Entered Level 3 of the Elven Halls
 40006 | Elf:2    | Reached skill level 16 in Fighting
 40458 | Elf:2    | HP: 6/151 [deep elf zephyrmancer/bolt of lightning (20)]
 40460 | Elf:2    | HP: 1/151 [something (6)]
 41275 | Elf:2    | Reached XP level 17. HP: 129/158 MP: 30/30
 42296 | Elf:3    | Found Aggoni's Antique Armour Shoppe.
 42303 | Elf:3    | Bought a pair of distressingly furry boots for 332 gold
                  | pieces
 42303 | Elf:3    | Identified the -2 pair of boots "Fieroaxi" {Rampage Int+3
                  | Dex+4} (You bought it in a shop on level 3 of the Elven
                  | Halls)
 42544 | Elf:3    | Noticed a deep elf blademaster
 42558 | Elf:3    | Killed a deep elf blademaster
 42565 | Elf:3    | Noticed a deep elf master archer
 42571 | Elf:3    | Killed a deep elf master archer
 42575 | Elf:3    | Noticed a deep elf blademaster
 42625 | Elf:2    | Killed a deep elf blademaster
 43290 | Swamp:1  | Entered Level 1 of the Swamp
 45701 | Swamp:2  | Found a runed translucent door.
 45703 | Swamp:2  | Noticed Ogauff's ghost (journeyman FeFi)
 45745 | Swamp:2  | Reached skill level 17 in Fighting
 45767 | Swamp:2  | Killed Ogauff's ghost
 46231 | Swamp:2  | Reached skill level 15 in Shields
 46231 | Swamp:2  | Reached skill level 1 in Air Magic
 46343 | Swamp:2  | Received a gift from Okawaru
 47954 | Swamp:3  | Paralysed by a hornet for 1 turns
 48352 | Swamp:4  | Entered Level 4 of the Swamp
 49447 | Swamp:3  | Reached XP level 18. HP: 116/170 MP: 31/31
 50588 | Swamp:2  | HP: 12/255 [spriggan druid/+2 quarterstaff of holy wrath
                  | (9)]
 50596 | Swamp:2  | HP: 4/255 [spriggan druid/+2 quarterstaff of holy wrath
                  | (10)]
 52395 | Elf:3    | Paralysed by an air elemental for 1 turns
 53037 | Elf:3    | Identified the +0 ring mail of the Hall of Blades {Fly
                  | rF+++ rC+ Int-4} (Okawaru gifted it to you on level 3 of
                  | the Elven Halls)
 53037 | Elf:3    | Received a gift from Okawaru
 53050 | Elf:3    | Killed from afar by a deep elf zephyrmancer

Illustrated notes

Levels and vault maps discovered:
D:1:      roderic_crossed_star, layout_rooms
D:2:      layout_rooms, nicolae_ecumenical_lake_church
D:3:      layout_basic, mainiacjoe_overflow_alcove_2, serial_shops, shop,
          minmay_misc_feat_rows
D:4:      layout_loops_ring, uniq_natasha
D:5:      layout_loops_corners, grunt_temple_overflow_open
D:6:      layout_rooms
D:7:      layout_basic, lemuel_temple_firewalk_b, hangedman_minor_gate_pass,
          uniq_prince_ribbit1
D:8:      layout_loops_ring, david_lair_shrubbed, special_room
          [special_room_orc], minivault_19, nrook_mini_vaults, uniq_amaemon
D:9:      layout_roguey, jmf_multi_god_temple, enter_bailey_5
D:10:     layout_irregular_city
D:11:     layout_basic, serial_shops, shop
D:12:     layout_cave_pools, erik_orc_1, serial_column_ruins,
          column_ruins_square_large, column_ruins_open_small,
          column_ruins_grid_1, column_ruins_grid_4
D:13:     layout_cave_pods, hangedman_decor_riveting
D:14:     layout_rooms, david_vaults_4, nzn_wu_jian_council_hall, uniq_nessos
D:15:     gammafunk_depths_entry_grave, layout_cross, drop_trap
Temple:   bh_familiar_temple
Lair:1:   layout_gridlike, basic_altar, minivault_19, uniq_fannar
Lair:2:   minmay_lair_oklob_chamber, layout_cave_pods,
          minmay_swamp_entry_reptiles, portal_ice_cave_entry_pillars_2,
          st_stairs_12, dreamdust_gnoll_shepherd, infiniplex_staircase_pool_2,
          serial_bayou_shore_a
Lair:3:   layout_hall_layers, nicolae_spider_entry_non_spiders, basic_altar,
          grunt_megastairs_2
Lair:4:   layout_regular_city
Lair:5:   guppyfry_lair_end_dragon, layout_misc_corridors,
          dpeg_slime_entry_enclosed, minmay_shattered_shrine
Swamp:1:  layout_basic_swamp, nicolae_swamp_bean_lake, swamp_pool4,
          nicolae_swamp_snake_nest, infiniplex_staircase_pool
Swamp:2:  layout_falls_marsh, gammafunk_ghost_grave,
          evilmike_swamp_ruin_house_4, swamp_pool5
Swamp:3:  layout_basic_swamp, evilmike_swamp_ruin_house_5
Swamp:4:  swamp_alternative, layout_basic_swamp, swamp_pool1
Orc:1:    layout_diamond_mine, basic_altar, serial_shops,
          nicolae_shop_hallway_stairs, hellmonk_bongcloud_opening, mines4_lemuel
Orc:2:    st_orc_town, layout_caves, basic_altar, hangedman_minor_magic,
          uniq_urug, uniq_rupert
Elf:1:    layout_loops_corners, kennysheep_underground_church, uniq_jorgrun
Elf:2:    nicolae_elf_blades_crystal_corner, layout_geoelf_grid, serial_shops,
          nicolae_shop_statue_plus
Elf:3:    grunt_elf_hall_branching, layout_geoelf_octagon, serial_shops, shop,
          nicolae_elf_hall_of_bonks

Skill      XL: |  1  2  3  4  5  6  7  8  9 10 11 12 13 14 15 16 17 18 |
---------------+-------------------------------------------------------+-----
Axes           | 3 4 5 6 8 9 11 12 14 16 | 16.9
Fighting       | 4 5 6 7 8 9 11 12 14 16 17 | 17.6
Armour         | 4 5 6 7 8 9 10 12 13 | 13.6
Shields        | 4 5 7 8 10 12 13 15 16 | 16.2
Invocations    | 1 2 4 6 7 9 10 11 | 11.6
Translocations | 1 2 3 4 5 6 7 8 9 |  9.6
Spellcasting   | 1 2 3 4 5 6 7 8 9 |  9.4
Evocations     | 1 |  1.3
Maces & Flails | 1 |  1.0
Ranged Weapons | 1 |  1.5
Air Magic      | 2 3 |  3.0
Throwing       | |  0.2

Action                   |  1- 3 |  4- 6 |  7- 9 | 10-12 | 13-15 | 16-18 || total
-------------------------+-------+-------+-------+-------+-------+-------++-------
Melee: War axe           |    86 |   155 |   209 |   491 |  1021 |   872 ||  2834
       Hand axe          |       |       |    48 |       |       |       ||    48
       Flail             |       |       |       |       |   132 |   259 ||   391
 Fire: Hand crossbow     |       |       |       |       |    18 |       ||    18
Throw: Dart              |     1 |       |       |     3 |     3 |       ||     7
 Cast: Lesser Beckoning  |       |       |       |       |     1 |       ||     1
Invok: Heroism           |       |       |       |     8 |    20 |    19 ||    47
       Finesse           |       |       |       |     4 |    10 |     9 ||    23
Evoke: Wand              |       |       |       |    12 |     8 |     2 ||    22
       Piece from Xom's  |       |       |       |       |     1 |       ||     1
  Use: Scroll            |       |     4 |     6 |    18 |    13 |    16 ||    57
       Potion            |       |       |       |    18 |     3 |    10 ||    31
 Stab: Paralysed         |       |       |       |     2 |       |       ||     2
       Petrified         |       |       |       |       |    14 |       ||    14
Armor: Scale mail        |    44 |    60 |   101 |    39 |       |       ||   244
       Ring mail         |       |       |       |   102 |   370 |   627 ||  1099
       Skin              |       |       |       |     3 |       |       ||     3
Dodge: Dodged            |    51 |    67 |    69 |   118 |   289 |   364 ||   958
Block: Buckler           |    19 |    33 |   113 |    86 |       |       ||   251
       Reflection        |       |       |     3 |    23 |    32 |    60 ||   118
       Kite shield       |       |       |       |   212 |   922 |  1151 ||  2285

Table legend: (Time is in decaauts)
 A = Elapsed time spent in this place.
 B = Non-inter-level travel time spent in this place.
 C = Inter-level travel time spent in this place.
 D = Time resting spent in this place.
 E = Time spent auto-exploring this place.
 F = Levels seen in this place.
 G = Mean time per level.
                   A        B        C        D        E       F      G
               +--------+--------+--------+--------+--------+-----+--------+
         Total |  52894 |  48948 |   3946 |  21981 |  20113 |  31 | 1706.3 |
       Dungeon |  20474 |  18512 |   1962 |   5578 |  10414 |  15 | 1364.9 |
        Temple |    180 |    160 |     20 |      0 |    156 |   1 |  180.0 |
          Lair |  10365 |   9599 |    766 |   4058 |   4341 |   5 | 2073.0 |
         Swamp |   8066 |   7654 |    412 |   4739 |   1759 |   4 | 2016.5 |
  Orcish Mines |   3908 |   3546 |    362 |   1582 |   1372 |   2 | 1954.0 |
   Elven Halls |   9137 |   8713 |    424 |   5523 |   1965 |   3 | 3045.7 |
        Bailey |    760 |    760 |      0 |    500 |    105 |   1 |  760.0 |
               +--------+--------+--------+--------+--------+-----+--------+

Top non-repeatable levels by time:
   Elf:1: 4197 daAuts
 Swamp:3: 3991 daAuts
   Elf:2: 3840 daAuts
  Lair:2: 2747 daAuts
  Lair:4: 2511 daAuts
    D:14: 2344 daAuts
   Orc:2: 2314 daAuts
  Lair:5: 2263 daAuts
 Swamp:1: 2017 daAuts
     D:7: 1998 daAuts
    D:13: 1984 daAuts
 Swamp:2: 1980 daAuts
    D:11: 1739 daAuts
   Orc:1: 1594 daAuts
    D:15: 1572 daAuts
